AoeStats
← Kiritastrich

Arabia

506740501Analyzed
1v1 RM · 17d ago on Sep 14, 2026· 39m 4s· 2 players
Game mode
Random Map
Map size
Tiny (2 player)
Population
200
Speed
Normal
Resources
Standard
Victory
Conquest
Starting age
Dark Age
Ending age
Imperial Age
RankedLock teamsTeams togetherTeam positionsShared explorationLock speedFull tech treeHidden civsTurbo modeCheats
Victory
Defeat
🇷🇺 Shu · Russia
1832
+16
🇬🇹 Mongols · Guatemala
1829
-16
pH14
6:16 Loom
8:23 Feudal Age
9:20 Double-Bit Axe
11:22 Horse Collar
13:32 Town Watch
14:02 Fletching
15:13 Padded Archer Armor
18:46 Wheelbarrow
22:17 Castle Age
23:09 Bodkin Arrow
22:54 Elite Skirmisher
23:53 Bow Saw
24:53 Leather Archer Armor
31:36 Ballistics
37:00 Bloodlines
36:51 Husbandry
36:57 Scale Barding Armor
37:09 Light Cavalry
Kiritastrich
5:57 Loom
9:17 Feudal Age
9:55 Double-Bit Axe
14:27 Fletching
21:35 Castle Age
20:26 Padded Archer Armor
22:17 Bodkin Arrow
21:43 Crossbowman
24:59 Thumb Ring
27:15 Leather Archer Armor
30:48 Elite Skirmisher
36:48 Imperial Age
36:36 Ballistics
37:29 Bracer
38:32 Chemistry
Connection lost

Rejoining the realm…

Still unreachable

The connection could not be restored.

Session expired

The server has moved on; the page needs a fresh start.